 Dungeon Sprint DCSS version 0.21.1-1-g345015f (webtiles) character file.

300 doot the Markscentaur (level 7, -12/64 HPs)
             Began as a Centaur Hunter on June 7, 2018.
             Was a Priest of Okawaru.
             Mangled by a naga warlord
             ... wielding a +0 battleaxe
              (24 damage)
             ... in the Dungeon (Sprint VI: "Thunderdome").
             The game lasted 00:09:09 (875 turns).

doot the Markscentaur (Centaur Hunter)               Turns: 875, Time: 00:09:10

Health: -12/64     AC: 10    Str: 18    XL:     7   Next: 88%
Magic:  5/7        EV: 12    Int: 21    God:    Okawaru [***...]
Gold:   144        SH:  5    Dex: 13    Spells: 6/6 levels left

rFire    . . .     SeeInvis +   b - +0 great sword
rCold    + . .     Gourm    .   (shield currently unavailable)
rNeg     + . .     Faith    .   c - +0 leather armour
rPois    .         Spirit   .   (no helmet)
rElec    +         Reflect  +   (no cloak)
rCorr    .         Harm     .   (no gloves)
MR       .....     NoTele   +   v - +0 centaur barding
Stlth    ++........             q - amulet "Kyise" {Reflect rElec Str+2 SH+5}
HPRegen  0.20/turn              e - ring "Balal" {rC+ Int+4 Dex+3}
MPRegen  0.10/turn              p - ring "Kilolops" {*Slow rElec rN+ Int+7 SInv}

@: lethally poisoned (-12 -> -53), heroism, hasted, very quick
A: large, hooves 3, deformed body, speed 2, tough skin 3
a: Heroism, Renounce Religion


You were in the Dungeon.
You worshipped Okawaru.
Okawaru was most pleased with you.
You were not hungry.

You visited 1 branch You collected 600 gold pieces.
You spent 456 gold pieces at shops.

Inventory:

Hand Weapons
 a - a +1 shortbow
 b - a +0 great sword (weapon)
 r - a +0 short sword
 t - a +0 scythe
Armour
 c - a +0 leather armour (worn)
 u - a +0 robe
 v - a +0 centaur barding (worn)
Jewellery
 e - the ring "Balal" (left hand) {rC+ Int+4 Dex+3}
   (You bought it in a shop in the Dungeon)

   [ring of dexterity]

   It affects your intelligence (+4).
   It affects your dexterity (+3).
   It protects you from cold.
 j - the amulet "Dalol" {Gourm Int+2}
   (You bought it in a shop in the Dungeon)

   [amulet of the gourmand]

   It allows you to eat raw meat even when not hungry.
   It affects your intelligence (+2).
 p - the ring "Kilolops" (right hand) {*Slow rElec rN+ Int+7 SInv}
   (You bought it in a shop in the Dungeon)

   [ring of positive energy]

   It affects your intelligence (+7).
   It insulates you from electricity.
   It protects you from negative energy.
   It lets you see invisible.
   It may slow you when you take damage.
 q - the amulet "Kyise" (around neck) {Reflect rElec Str+2 SH+5}
   (You bought it in a shop in the Dungeon)

   [amulet of reflection]

   It shields you and reflects attacks.
   It affects your strength (+2).
   It insulates you from electricity.
   It affects your SH (+5).
Wands
 l - a wand of acid (5)
 m - a wand of iceblast (5)
 s - a wand of digging (5)
Scrolls
 k - 4 scrolls of blinking
 n - 3 scrolls of fog
Potions
 g - 2 potions of heal wounds
 h - 3 potions of haste
 i - 2 potions of magic
 o - a potion of resistance
Comestibles
 f - a ration


   Skills:
 + Level 6.7(11.7) Fighting
 + Level 2.9(7.9) Polearms
 + Level 18.3(23.3) Bows
 + Level 1.7(6.7) Armour
 + Level 3.4(8.4) Dodging
 + Level 0.5(5.5) Stealth


You had 6 spell levels left.
You didn't know any spells.

Dungeon Overview and Level Annotations

Branches:
Dungeon (1/1)

Altars:
Cheibriados
Dithmenos
Fedhas
Gozag
Kikubaaqudgha
Makhleb
Okawaru
Qazlal
Ru
Sif Muna
Trog
Uskayaw
Vehumet
Wu Jian
Xom
Yredelemnul
Zin
The Shining One
Beogh
Jiyva
Lugonu

Shops:
D *[%??*?*:[((!!!!


Innate Abilities, Weirdness & Mutations

You have hooves in place of feet.
Armour fits poorly on your strangely shaped body.
You cover ground very quickly.
You have extremely tough skin. (AC +3)


Message History

The naga warlord closely misses you.
You feel much better.
* * * LOW HITPOINT WARNING * * *
You feel sick. The black mamba closely misses you.
The naga warlord spits poison at you. The splash of poison hits you!
You are more poisoned.
* * * LOW HITPOINT WARNING * * *
You feel much better.
You feel sick. The black mamba bites you!
* * * LOW HITPOINT WARNING * * *
You are more poisoned.
The black mamba poisons you! You block the black mamba's attack.
You hit the naga warlord but do no damage.
You kick the naga warlord!
The naga warlord is moderately wounded.
* * * LOW HITPOINT WARNING * * *
You feel very sick. You block the black mamba's attack.
The naga warlord hits you with a battleaxe!!
You die...

#_......._# #_......._#
#........_#
###.........###
#⌠...........⌠#
######.8.........8.##
##∩_._......###......_
###∩........8.# #.8.....
##(((..N@......###.......
#⌠.....).S..###...###....
#⌠..........# #.<.# #....
#⌠..........###...###....
##........[....###.......
###∩........8.# #.8.....
##∩___..[...###......_
######.8.........8.##
#⌠..÷........⌠#


You could see a naga warlord and a black mamba.

Vanquished Creatures
  Sigmund (D)
  A necrophage (D)
  2 phantoms (D)
  2 wights (D)
  7 vampire bats (D)
  4 jellies (D)
  Jessica (D)
  2 oozes (D)
  An adder skeleton (D)
  A dart slug (D)
  A giant cockroach (D)
  A goblin (D)
  A jackal (D)
25 creatures vanquished.

Notes
Turn   | Place    | Note
-------+----------+-------------------------------------------
     0 | D        | doot the Centaur Hunter began the quest for the Orb.
     0 | D        | Reached XP level 1. HP: 17/17 MP: 1/1
     1 | D        | Found a viscous altar of Jiyva.
     1 | D        | Found a corrupted altar of Lugonu.
     2 | D        | Found a sacrificial altar of Ru.
     2 | D        | Found a stormy altar of Qazlal.
     3 | D        | Found an ancient bone altar of Kikubaaqudgha.
     3 | D        | Found a hide-covered altar of Uskayaw.
     4 | D        | Found a burning altar of Makhleb.
     4 | D        | Found Zoadde's Weapon Rack.
     4 | D        | Found Unas's Premium Goods.
     5 | D        | Found a radiant altar of Vehumet.
     6 | D        | Found Plog's Do-It-Yourself Clinic.
     7 | D        | Found Haecot's Bottled Wisdom.
     7 | D        | Found Xaun's Distillery.
     7 | D        | Found a bloodstained altar of Trog.
     7 | D        | Found a shadowy altar of Dithmenos.
     7 | D        | Found a shimmering altar of Xom.
     7 | D        | Found Uronub's Distillery.
     8 | D        | Round 1.
    11 | D        | Found a glowing golden altar of the Shining One.
    12 | D        | Found a snail-covered altar of Cheibriados.
    17 | D        | Found a deep blue altar of Sif Muna.
    18 | D        | Found a roughly hewn altar of Beogh.
    19 | D        | Found an iron altar of Okawaru.
    19 | D        | Found an opulent altar of Gozag.
    20 | D        | Noticed Sigmund
    20 | D        | Found Paiwn's Delicious Food.
    20 | D        | Found a glowing silver altar of Zin.
    20 | D        | Found an ornate altar of the Wu Jian Council.
    20 | D        | Found Mebitz's Identification Station.
    21 | D        | Found Gungi's Jewellery.
    21 | D        | Found Cetwysergh's Advanced Armour.
    22 | D        | Found a basalt altar of Yredelemnul.
    27 | D        | Became a worshipper of Warmaster Okawaru
    40 | D        | Killed Sigmund
    40 | D        | Reached * piety under Okawaru
    40 | D        | Reached ** piety under Okawaru
    40 | D        | Reached skill level 13 in Bows
    40 | D        | Reached XP level 2. HP: 26/26 MP: 2/2
    40 | D        | Reached XP level 3. HP: 31/31 MP: 3/3
    40 | D        | Reached XP level 4. HP: 38/38 MP: 4/4
    40 | D        | Reached XP level 5. HP: 45/45 MP: 5/5
    49 | D        | Bought a steaming amber ring for 45 gold pieces
    49 | D        | Bought a glittering diamond amulet for 45 gold pieces
    49 | D        | Bought a flickering steel ring for 45 gold pieces
    49 | D        | Identified the ring "Balal" {rC+ Int+4 Dex+3} (You bought it in a shop in the Dungeon)
    50 | D        | Identified the amulet "Dalol" {Gourm Int+2} (You bought it in a shop in the Dungeon)
    51 | D        | Identified the ring "Kilolops" {*Slow rElec rN+ Int+7 SInv} (You bought it in a shop in the Dungeon)
    52 | D        | Bought an ancient sapphire amulet for 45 gold pieces
    53 | D        | Identified the amulet "Kyise" {Reflect rElec Str+2 SH+5} (You bought it in a shop in the Dungeon)
    66 | D        | Found Reapi's Magic Scroll Shop.
    68 | D        | Found a blossoming altar of Fedhas.
    68 | D        | Found Deixusytt's Staff Store.
    69 | D        | Noticed Jessica
    70 | D        | Killed Jessica
    70 | D        | Reached skill level 14 in Bows
    75 | D        | Found Yrhenuel's Magic Scroll Shop.
    75 | D        | Found Udaitonk's Must-Have Magic.
   104 | D        | Found Wout Kiu's Miscellaneous Merchandise.
   104 | D        | Found Welerret's Basic Armour.
   165 | D        | Arena points: 14 (+14) [x2]
   265 | D        | Round 2.
   276 | D        | Reached skill level 15 in Bows
   285 | D        | Reached XP level 6. HP: 52/52 MP: 6/6
   341 | D        | Arena points: 56 (+42) [x3]
   374 | D        | Round 3.
   390 | D        | Reached skill level 16 in Bows
   515 | D        | Reached *** piety under Okawaru
   515 | D        | Reached skill level 5 in Fighting
   515 | D        | Reached skill level 17 in Bows
   515 | D        | Reached XP level 7. HP: 61/61 MP: 7/7
   521 | D        | Reached skill level 1 in Polearms
   521 | D        | Reached skill level 1 in Armour
   531 | D        | Arena points: 140 (+84) [x4]
   603 | D        | Round 4.
   705 | D        | Reached skill level 18 in Bows
   790 | D        | Arena points: 300 (+160) [x5]
   819 | D        | Bought a +0 centaur barding for 276 gold pieces
   851 | D        | Round 5.
   860 | D        | Noticed a naga warlord
   860 | D        | Noticed a black mamba
   872 | D        | HP: 3/64 [black mamba (13)]
   875 | D        | Mangled by a naga warlord

Skill      XL: |  1  2  3  4  5  6  7 |
---------------+----------------------+-----
Fighting       | 3 5 6 |  6.7
Bows           | 13 15 17 18 | 18.3
Dodging        | 2 3 |  3.4
Polearms       | 2 |  2.9
Armour         | 1 |  1.7
Stealth        | |  0.5

Action                   |  1- 3 |  4- 6 |  7- 9 || total
-------------------------+-------+-------+-------++-------
Melee: Short sword       |     5 |     1 |    10 ||    16
       Kick              |     1 |       |     3 ||     4
       Scythe            |       |     3 |     4 ||     7
       Great sword       |       |       |     7 ||     7
 Fire: Shortbow          |     4 |    53 |    32 ||    89
Invok: Heroism           |       |       |     1 ||     1
  Use: Potion            |     2 |       |     3 ||     5
Armor: Leather armour    |       |     2 |    20 ||    22
Dodge: Dodged            |     8 |     2 |    22 ||    32
Block: Other             |       |       |    17 ||    17
       Rpst.: Great sword |       |       |     1 ||     1
